 Dungeon Crawl Stone Soup version 0.26.0-10-g1f06aea511 (webtiles) character file.

Game seed: 8816810355118458163

2840 Dracia the Covert (level 9, -5/74 HPs)
             Began as a Gnoll Delver on Jan 13, 2021.
             Was a Believer of Okawaru.
             Slain by a boulder beetle (15 damage)
             ... on level 8 of the Dungeon.
             The game lasted 00:12:51 (7434 turns).

Dracia the Covert (Gnoll Delver)                    Turns: 7434, Time: 00:12:52

Health: -5/74      AC:  7    Str: 22    XL:     9   Next: 74%
Magic:  15/15      EV: 16    Int: 13    God:    Okawaru [**....]
Gold:   301        SH:  0    Dex: 17    Spells: 17/17 levels left

rFire    + . .     SeeInvis .   v - +4 hand axe "Modwahuiwk" {elec, rF+ Str+7}
rCold    + . .     Faith    +   (no shield)
rNeg     . . .     Spirit   .   b - +0 leather armour
rPois    .         Reflect  .   r - +1 helmet
rElec    .         Harm     .   (no cloak)
rCorr    .         Rampage  .   A - +0 pair of gloves
Will     .....                  (no boots)
Stlth    +++++.....             T - amulet of faith {!P!P}
HPRegen  0.22/turn              C - ring of protection from cold
MPRegen  0.14/turn              (no ring)

@: no status effects
A: distributed training, fangs 1, camouflage 1, dopey 1, wild magic 1, strong
nose
a: Renounce Religion, Heroism


You were on level 8 of the Dungeon.
You worshipped Okawaru.
Okawaru was pleased with you.
You visited 2 branches of the dungeon, and saw 9 of its levels.

You collected 301 gold pieces.


Innate Abilities, Weirdness & Mutations

Your experience applies equally to all skills.
You have very sharp teeth.
Your uncanny sense of smell can sniff out nearby items.
Your skin changes colour to match your surroundings (Stealth+).
You are dopey. (Int -2)
Your spells are a little harder to cast, but a little more powerful.


   Skills:
 + Level 8.0 Fighting
 + Level 6.5 Short Blades
 + Level 4.5 Long Blades
 + Level 4.5 Axes
 + Level 4.5 Maces & Flails
 + Level 4.5 Polearms
 + Level 4.5 Staves
 + Level 4.5 Slings
 + Level 4.5 Bows
 + Level 4.5 Crossbows
 + Level 4.5 Throwing
 + Level 4.5 Armour
 + Level 6.5 Dodging
 + Level 10.5 Stealth
 + Level 4.5 Shields
 + Level 4.5 Unarmed Combat
 + Level 4.5 Spellcasting
 + Level 3.7 Conjurations
 + Level 3.7 Hexes
 + Level 3.7 Summonings
 + Level 3.7 Necromancy
 + Level 3.7 Translocations
 + Level 3.7 Transmutations
 + Level 3.7 Fire Magic
 + Level 3.7 Ice Magic
 + Level 3.7 Air Magic
 + Level 3.7 Earth Magic
 + Level 3.7 Poison Magic
 + Level 5.0 Invocations
 + Level 4.5 Evocations


You had 17 spell levels left.
You didn't know any spells.
Your spell library contained the following spells:

 Spells                   Type           Power        Failure   Level
 Freeze                   Ice            64%          8%          1
 Frozen Ramparts          Ice            32%          21%         3
 Ozocubu's Armour         Ice            16%          21%         3
 Hailstorm                Conj/Ice       16%          52%         4
 Summon Ice Beast         Ice/Summ       16%          52%         4

Inventory:

Hand Weapons
 a - a +0 short sword
 o - a +2 mace of protection
 p - a +3 short sword of venom
 v - the +4 hand axe "Modwahuiwk" (weapon) {elec, rF+ Str+7}
   (You found it on level 7 of the Dungeon)

   Occasionally, upon striking a foe, it can discharge electrical energy and
   cause terrible harm.
   It affects your strength (+7).
   It protects you from fire.
Missiles
 w - 27 poisoned darts (quivered)
Armour
 b - a +0 leather armour (worn)
 r - a +1 helmet (worn)
 A - a +0 pair of gloves (worn)
Jewellery
 C - a ring of protection from cold (left hand)
 T - an amulet of faith (around neck) {!P!P}
Wands
 g - a wand of digging (12)
 h - a wand of flame (15)
Scrolls
 c - 3 scrolls of fog
 d - 5 scrolls of magic mapping
 e - 3 scrolls of fear
 i - 5 scrolls of remove curse {@r2@r2}
 j - 2 scrolls of enchant armour
 k - a scroll of immolation
 l - 2 scrolls of teleportation {@r4@r4}
 m - 2 scrolls of amnesia
 t - a scroll of random uselessness
 x - 5 scrolls of identify {@r1@r1}
 y - a scroll of noise {unknown}
Potions
 f - a potion of haste {@q3@q3}
 n - 2 potions of curing {@q1@q1}
 q - a potion of heal wounds {@q2@q2}
 s - 2 potions of attraction
 u - 3 potions of degeneration
 B - 2 potions of berserk rage {!q!q}

Dungeon Overview and Level Annotations

Branches:
Dungeon (8/15)             Temple (1/1) D:6
   Lair: D:8-11

Altars:
Ashenzari
Dithmenos
Elyvilon
Gozag
Hepliaklqana
Kikubaaqudgha
Makhleb
Nemelex Xobeh
Okawaru
Qazlal
Ru
Sif Muna
Trog
Uskayaw
Xom
Yredelemnul
Zin
The Shining One

Annotations:
D:6 1 runed translucent door, totalnoob's ghost, novice DsCK

#####..#.......#
..........#.#.#
#.....####.# #
##...## #.#
##.######.#
#........#
#.######## ##.##
#@..# #†B...#
#...[...#
#../......#
...........+
###.........#
##.......##
##.....##


You could see a boulder beetle.


Message History

The bullfrog hits you but does no damage.
You hit the bullfrog. Your bite misses the bullfrog.
The bullfrog is severely wounded.
You hit the boulder beetle but do no damage.
Lightning courses through the boulder beetle!
The boulder beetle bites you! The bullfrog barely misses you.
You closely miss the bullfrog.
The bullfrog is severely wounded.
You hit the boulder beetle but do no damage.
The bullfrog hits you but does no damage.
The boulder beetle bites you! The bullfrog misses you.
Unknown command.
You slash the bullfrog!
You kill the bullfrog!
Okawaru accepts your kill.
You hit the boulder beetle but do no damage.
The boulder beetle misses you.
You hit the boulder beetle but do no damage.
Lightning courses through the boulder beetle!
The boulder beetle is moderately wounded.
The boulder beetle bites you! The boulder beetle bites you!!
* * * LOW HITPOINT WARNING * * *
Unknown command.
You are too injured to fight recklessly!
Unknown command.
You hit the boulder beetle.
You bite the boulder beetle, but do no damage.
The boulder beetle is moderately wounded.
The boulder beetle bites you!
You die...

Skill      XL: |  1  2  3  4  5  6  7  8  9 |
---------------+----------------------------+-----
Stealth        | 10 | 10.5
Invocations    | 1 2 3 4 5 |  5.0
Long Blades    | 1 2 3 4 |  4.5
Axes           | 1 2 3 4 |  4.5
Maces & Flails | 1 2 3 4 |  4.5
Polearms       | 1 2 3 4 |  4.5
Staves         | 1 2 3 4 |  4.5
Slings         | 1 2 3 4 |  4.5
Bows           | 1 2 3 4 |  4.5
Crossbows      | 1 2 3 4 |  4.5
Throwing       | 1 2 3 4 |  4.5
Armour         | 1 2 3 4 |  4.5
Shields        | 1 2 3 4 |  4.5
Unarmed Combat | 1 2 3 4 |  4.5
Spellcasting   | 1 2 3 4 |  4.5
Evocations     | 1 2 3 4 |  4.5
Conjurations   | 1 2 3 |  3.7
Hexes          | 1 2 3 |  3.7
Summonings     | 1 2 3 |  3.7
Necromancy     | 1 2 3 |  3.7
Translocations | 1 2 3 |  3.7
Transmutations | 1 2 3 |  3.7
Fire Magic     | 1 2 3 |  3.7
Ice Magic      | 1 2 3 |  3.7
Air Magic      | 1 2 3 |  3.7
Earth Magic    | 1 2 3 |  3.7
Poison Magic   | 1 2 3 |  3.7
Short Blades   | 5 6 |  6.5
Dodging        | 5 6 |  6.5
Fighting       | 7 8 |  8.0

Action                   |  1- 3 |  4- 6 |  7- 9 || total
-------------------------+-------+-------+-------++-------
Melee: Short sword       |    22 |   143 |   150 ||   315
       Mace              |    39 |       |       ||    39
       Bite              |     5 |    14 |    27 ||    46
       Punch             |       |       |     5 ||     5
       Hand axe          |       |       |    78 ||    78
Evoke: Wand              |       |     1 |       ||     1
  Use: Potion            |     1 |     2 |    10 ||    13
       Scroll            |       |       |    10 ||    10
 Stab: Sleeping          |    15 |    18 |    29 ||    62
       Distracted        |       |       |     1 ||     1
Armor: Leather armour    |    18 |    26 |    54 ||    98
       Skin              |       |    15 |       ||    15
Dodge: Dodged            |    42 |   105 |   166 ||   313

Levels and vault maps discovered:
D:1:      dpeg_arrival_rooms_with_view, layout_loops_ring
D:2:      layout_rooms, uniq_jessica
D:3:      layout_loops_ring, minmay_statues_item, trog_wizard, uniq_terence
D:4:      layout_gridville, nemelex_diamond_rough_becter, uniq_sigmund
D:5:      layout_loops_ring, overflow_temple_1_default, kennysheep_little_box,
          hangedman_decor_growths, xom_confusion_cloud
D:6:      layout_gridville, nicolae_tso_carved_into_rock,
          minmay_temple_entry_statues_fountains, hellmonk_ghost_happy_afterlife,
          nicolae_ru_awakened_eye
D:7:      layout_loops_cross, kennysheep_generic_room_2
D:8:      layout_loops_corners
Temple:   regret_index_temple_waves

Notes
Turn   | Place    | Note
-------+----------+-------------------------------------------
     0 | D:5      | Reached skill level 9 in Stealth
     0 | D:5      | Dracia the Gnoll Delver began the quest for the Orb.
     0 | D:5      | Reached XP level 1. HP: 23/23 MP: 1/1
    66 | D:4      | Reached XP level 2. HP: 29/29 MP: 2/2
   214 | D:4      | Noticed a phantom
   351 | D:3      | Noticed Terence
   521 | D:2      | Reached XP level 3. HP: 35/35 MP: 2/4
   570 | D:2      | Reached skill level 1 in Invocations
   686 | D:2      | Reached skill level 1 in Long Blades
   686 | D:2      | Reached skill level 1 in Axes
   686 | D:2      | Reached skill level 1 in Maces & Flails
   686 | D:2      | Reached skill level 1 in Polearms
   686 | D:2      | Reached skill level 1 in Staves
   686 | D:2      | Reached skill level 1 in Slings
   686 | D:2      | Reached skill level 1 in Bows
   686 | D:2      | Reached skill level 1 in Crossbows
   686 | D:2      | Reached skill level 1 in Throwing
   686 | D:2      | Reached skill level 1 in Armour
   686 | D:2      | Reached skill level 1 in Shields
   686 | D:2      | Reached skill level 1 in Unarmed Combat
   686 | D:2      | Reached skill level 1 in Spellcasting
   686 | D:2      | Reached skill level 1 in Evocations
   780 | D:2      | Noticed Jessica
   791 | D:2      | Killed Jessica
   792 | D:2      | Reached XP level 4. HP: 30/41 MP: 5/5
   796 | D:2      | Reached skill level 1 in Conjurations
   796 | D:2      | Reached skill level 1 in Hexes
   796 | D:2      | Reached skill level 1 in Summonings
   796 | D:2      | Reached skill level 1 in Necromancy
   796 | D:2      | Reached skill level 1 in Translocations
   796 | D:2      | Reached skill level 1 in Transmutations
   796 | D:2      | Reached skill level 1 in Fire Magic
   796 | D:2      | Reached skill level 1 in Ice Magic
   796 | D:2      | Reached skill level 1 in Air Magic
   796 | D:2      | Reached skill level 1 in Earth Magic
   796 | D:2      | Reached skill level 1 in Poison Magic
  1463 | D:1      | Reached XP level 5. HP: 47/47 MP: 6/6
  2023 | D:3      | Killed Terence
  2884 | D:3      | Found a bloodstained altar of Trog.
  2887 | D:3      | Noticed a wizard
  2893 | D:3      | Killed a wizard
  2972 | D:4      | Reached XP level 6. HP: 53/53 MP: 8/8
  3019 | D:4      | Reached skill level 5 in Short Blades
  3019 | D:4      | Reached skill level 5 in Dodging
  3019 | D:4      | Reached skill level 2 in Invocations
  3039 | D:4      | Reached skill level 2 in Long Blades
  3039 | D:4      | Reached skill level 2 in Axes
  3039 | D:4      | Reached skill level 2 in Maces & Flails
  3039 | D:4      | Reached skill level 2 in Polearms
  3039 | D:4      | Reached skill level 2 in Staves
  3039 | D:4      | Reached skill level 2 in Slings
  3039 | D:4      | Reached skill level 2 in Bows
  3039 | D:4      | Reached skill level 2 in Crossbows
  3039 | D:4      | Reached skill level 2 in Throwing
  3039 | D:4      | Reached skill level 2 in Armour
  3039 | D:4      | Reached skill level 2 in Shields
  3039 | D:4      | Reached skill level 2 in Unarmed Combat
  3039 | D:4      | Reached skill level 2 in Spellcasting
  3039 | D:4      | Reached skill level 2 in Evocations
  3135 | D:4      | Noticed Sigmund
  3179 | D:4      | Killed a phantom
  3180 | D:4      | Reached XP level 7. HP: 19/59 MP: 10/10
  3444 | D:4      | Killed Sigmund
  3445 | D:4      | Reached skill level 7 in Fighting
  3445 | D:4      | Reached skill level 2 in Conjurations
  3445 | D:4      | Reached skill level 2 in Hexes
  3445 | D:4      | Reached skill level 2 in Summonings
  3445 | D:4      | Reached skill level 2 in Necromancy
  3445 | D:4      | Reached skill level 2 in Translocations
  3445 | D:4      | Reached skill level 2 in Transmutations
  3445 | D:4      | Reached skill level 2 in Fire Magic
  3445 | D:4      | Reached skill level 2 in Ice Magic
  3445 | D:4      | Reached skill level 2 in Air Magic
  3445 | D:4      | Reached skill level 2 in Earth Magic
  3445 | D:4      | Reached skill level 2 in Poison Magic
  3610 | D:4      | Found a sparkling altar of Nemelex Xobeh.
  3869 | D:4      | Gained mutation: You are dopey. (Int -2) [potion of
                  | mutation]
  3869 | D:4      | Gained mutation: Your skin changes colour to match your
                  | surroundings (Stealth+). [potion of mutation]
  3869 | D:4      | Gained mutation: Your spells are a little harder to cast,
                  | but a little more powerful. [potion of mutation]
  3932 | D:5      | Reached skill level 3 in Invocations
  4017 | D:5      | Found a shimmering altar of Xom.
  4039 | D:5      | Reached skill level 10 in Stealth
  4039 | D:5      | Reached XP level 8. HP: 50/67 MP: 12/12
  4233 | D:5      | Found an ancient bone altar of Kikubaaqudgha.
  4249 | D:5      | Reached skill level 3 in Long Blades
  4249 | D:5      | Reached skill level 3 in Axes
  4249 | D:5      | Reached skill level 3 in Maces & Flails
  4249 | D:5      | Reached skill level 3 in Polearms
  4249 | D:5      | Reached skill level 3 in Staves
  4249 | D:5      | Reached skill level 3 in Slings
  4249 | D:5      | Reached skill level 3 in Bows
  4249 | D:5      | Reached skill level 3 in Crossbows
  4249 | D:5      | Reached skill level 3 in Throwing
  4249 | D:5      | Reached skill level 3 in Armour
  4249 | D:5      | Reached skill level 3 in Shields
  4249 | D:5      | Reached skill level 3 in Unarmed Combat
  4249 | D:5      | Reached skill level 3 in Spellcasting
  4249 | D:5      | Reached skill level 3 in Evocations
  4260 | D:5      | HP: 6/67 [ice beast (3)]
  4265 | D:5      | HP: 3/67 [ice beast (5)]
  5054 | D:5      | Found a shimmering blue altar of Sif Muna.
  5188 | D:6      | Found a sacrificial altar of Ru.
  5400 | D:6      | Noticed totalnoob's ghost (novice DsCK)
  5403 | D:6      | Found a runed translucent door.
  5436 | D:6      | Found a glowing golden altar of the Shining One.
  5547 | D:6      | Found a staircase to the Ecumenical Temple.
  5559 | Temple   | Entered the Ecumenical Temple
  5618 | Temple   | Became a worshipper of Warmaster Okawaru
  6061 | D:6      | Reached skill level 3 in Conjurations
  6061 | D:6      | Reached skill level 3 in Hexes
  6061 | D:6      | Reached skill level 3 in Summonings
  6061 | D:6      | Reached skill level 3 in Necromancy
  6061 | D:6      | Reached skill level 3 in Translocations
  6061 | D:6      | Reached skill level 3 in Transmutations
  6061 | D:6      | Reached skill level 3 in Fire Magic
  6061 | D:6      | Reached skill level 3 in Ice Magic
  6061 | D:6      | Reached skill level 3 in Air Magic
  6061 | D:6      | Reached skill level 3 in Earth Magic
  6061 | D:6      | Reached skill level 3 in Poison Magic
  6061 | D:6      | Reached skill level 4 in Invocations
  6274 | D:7      | Reached skill level 6 in Short Blades
  6274 | D:7      | Reached skill level 6 in Dodging
  6363 | D:7      | Reached XP level 9. HP: 73/73 MP: 14/14
  6451 | D:7      | Got a warped hand axe
  6452 | D:7      | Identified the +4 hand axe "Modwahuiwk" {elec, rF+ Str+7}
                  | (You found it on level 7 of the Dungeon)
  6491 | D:7      | Reached * piety under Okawaru
  6492 | D:7      | Reached skill level 4 in Long Blades
  6492 | D:7      | Reached skill level 4 in Axes
  6492 | D:7      | Reached skill level 4 in Maces & Flails
  6492 | D:7      | Reached skill level 4 in Polearms
  6492 | D:7      | Reached skill level 4 in Staves
  6492 | D:7      | Reached skill level 4 in Slings
  6492 | D:7      | Reached skill level 4 in Bows
  6492 | D:7      | Reached skill level 4 in Crossbows
  6492 | D:7      | Reached skill level 4 in Throwing
  6492 | D:7      | Reached skill level 4 in Armour
  6492 | D:7      | Reached skill level 4 in Shields
  6492 | D:7      | Reached skill level 4 in Unarmed Combat
  6492 | D:7      | Reached skill level 4 in Spellcasting
  6492 | D:7      | Reached skill level 4 in Evocations
  7107 | D:7      | Reached ** piety under Okawaru
  7108 | D:7      | Reached skill level 8 in Fighting
  7403 | D:8      | Reached skill level 5 in Invocations
  7425 | D:8      | Noticed a boulder beetle
  7434 | D:8      | Slain by a boulder beetle

Vanquished Creatures
  Sigmund (D:4)
  A sky beast (D:7)
  2 ice beasts (D:5)
  A phantom (D:4)
  3 orc warriors
  A necrophage (D:8)
  2 centaurs
  6 ogres
  A bullfrog (D:8)
  2 scorpions
  A howler monkey (D:3)
  A bullfrog zombie (D:5)
  A centaur zombie (D:5)
  2 quasits (D:7)
  2 hounds (D:6)
  2 orc priests
  4 jellies
  Jessica (D:2)
  Terence (D:3)
  2 iguanas
  3 orc wizards
  8 worker ants
  2 hound zombies
  A worker ant zombie (D:5)
  4 gnolls (D:4)
  7 adders
  A shadow imp (D:7)
  4 white imps
  3 ufetubi (D:5)
  3 oozes
  4 worms
  4 dart slugs
  2 leopard geckos
  21 orcs
  A ball python (D:3)
  8 giant cockroaches
  10 hobgoblins
  9 jackals
  4 quokkas
  12 bats
  5 frilled lizards
  8 goblins
  5 kobolds
  2 quokka zombies (D:5)
  4 rats
172 creatures vanquished.

Vanquished Creatures (others)
  A wizard (D:3)
  A scorpion (D:5)
  A gnoll (D:5)
  An adder zombie (D:5)
4 creatures vanquished.

Grand Total: 176 creatures vanquished

Table legend: (Time is in decaauts)
 A = Elapsed time spent in this place.
 B = Non-inter-level travel time spent in this place.
 C = Inter-level travel time spent in this place.
 D = Time resting spent in this place.
 E = Time spent auto-exploring this place.
 F = Levels seen in this place.
 G = Mean time per level.
                   A        B        C        D        E       F      G
               +--------+--------+--------+--------+--------+-----+--------+
         Total |   7392 |   7086 |    306 |   1024 |   4873 |   9 |  821.3 |
       Dungeon |   7286 |   7026 |    260 |   1024 |   4816 |   8 |  910.8 |
        Temple |    105 |     59 |     46 |      0 |     57 |   1 |  105.0 |
               +--------+--------+--------+--------+--------+-----+--------+

Top non-repeatable levels by time:
     D:5: 1260 daAuts
     D:4: 1162 daAuts
     D:3: 1048 daAuts
     D:7: 1031 daAuts
     D:6: 905 daAuts
     D:2: 890 daAuts
     D:1: 756 daAuts
     D:8: 232 daAuts
  Temple: 105 daAuts

Table legend:
 A = Non-vault XP
 B = Vault XP
 C = Vault XP percentage of total XP
 D = Non-vault monster count
 E = Vault monster count
 F = Vault count percentage of total count
                 A         B        C        D         E       F
            +---------+---------+-------+---------+---------+-------
      Total |    3480 |     578 |  14.2 |     164 |       8 |   4.7
            +---------+---------+-------+---------+---------+-------
        D:1 |      39 |       2 |   4.9 |      17 |       2 |  10.5
        D:2 |      72 |      37 |  33.9 |      27 |       1 |   3.6
        D:3 |     109 |      36 |  24.8 |      24 |       1 |   4.0
        D:4 |     385 |     231 |  37.5 |      19 |       1 |   5.0
        D:5 |     765 |     133 |  14.8 |      31 |       1 |   3.1
        D:6 |     429 |       0 |   0.0 |       9 |       0 |   0.0
        D:7 |    1349 |     139 |   9.3 |      26 |       2 |   7.1
        D:8 |     332 |       0 |   0.0 |      11 |       0 |   0.0
            +---------+---------+-------+---------+---------+-------
